 Dungeon Crawl Stone Soup version 0.30-a0-777-ga9a30cbeda (webtiles) character file.

Game seed: 16663486890854032838

1 lesbiats the Caller (level 1, -1/7 HPs)
             Began as a Felid Summoner on Feb 15, 2023.
             Slain by a gnoll
             ... wielding a +0 spear
              (8 damage)
             ... on level 1 of the Dungeon.
             The game lasted 00:02:25 (91 turns).

lesbiats the Caller (Felid Summoner)                  Turns: 91, Time: 00:02:26

Health: -1/7       AC:  1    Str:  4    XL:     1   Next: 16%
Magic:  2/4        EV: 17    Int: 16    God:
Gold:   6          SH:  0    Dex: 16    Spells: 3/4 levels left
                                        Lives:  0   Deaths: 0

rFire   . . .      SeeInvis +    (weapon unavailable)
rCold   . . .      Faith    .    (shield unavailable)
rNeg    . . .      Spirit   .    (body armour unavailable)
rPois   .          Reflect  .    (helmet unavailable)
rElec   .          Harm     .    (cloak unavailable)
rCorr   .          Rampage  .    (gloves unavailable)
Will    .....                    (boots unavailable)
Stlth   ++                       (no amulet)
HPRegen 0.21/turn                (no ring)
MPRegen 0.09/turn                (no ring)

@: quick
A: very small, claws 1, fangs 3, see invisible, speed 1, shaggy fur 1, stealthy
paws, no weapons or thrown items, no armour, multi-lived
a: no special abilities


You were on level 1 of the Dungeon.
You visited 1 branch of the dungeon, and saw 1 of its levels.

You collected 6 gold pieces.

Inventory:

Potions
 a - a potion of magic
 b - a potion of might {unknown}


   Skills:
 + Level 0.0 Fighting
 + Level 2.7 Dodging
 - Level 2.6 Stealth
 + Level 2.0 Spellcasting
 * Level 4.0 Summonings


You had 3 spell levels left.
You knew the following spells:

 Your Spells              Type           Power      Damage    Failure   Level
a - Summon Small Mammal   Summ           56%        N/A       4%          1

Your spell library contained the following spells:

 Spells                   Type           Power      Damage    Failure   Level
 Call Imp                 Summ           14%        N/A       6%          2
 Call Canine Familiar     Summ           14%        N/A       12%         3
 Summon Guardian Golem    Hex/Summ       8%         N/A       26%         3
 Summon Lightning Spire   Summ/Air       8%         N/A       65%         4


Dungeon Overview and Level Annotations

Branches:
Dungeon (1/15)

Altars:

Annotations:
D:1 1 runed translucent door


Innate Abilities, Weirdness & Mutations

You have sharp claws.
You have razor-sharp teeth.
You have supernaturally acute eyesight. (SInv)
You cover ground quickly. (Speed+)
You are covered in fur. (AC +1)
Your paws help you pounce on unaware monsters.
You are incapable of wielding weapons or throwing items.
You cannot wear armour.
You gain extra lives every three experience levels.


Message History

Your bat hits the gnoll but does no damage.
You swap places.
Casting: Summon Small Mammal (safe; 4% risk of failure)
Confirm with . or Enter, or press ? or * to list all spells.
Your bat disappears in a puff of smoke!
Your rat barely misses the bat.
The bat completely misses your rat.
The bat closely misses your rat. x2; Your rat closely misses the bat.
The gnoll hits your rat with a +0 spear.
The bat misses your rat.
You swap places.
The bat closely misses your rat. x2
Your rat bites the bat but does no damage.
The gnoll completely misses your rat. The bat hits your rat.
The hobgoblin hits your rat.
Your rat dies!
Your rat's corpse disappears in a puff of smoke!
Your bat barely misses the gnoll.
Casting: Summon Small Mammal (safe; 4% risk of failure)
Confirm with . or Enter, or press ? or * to list all spells.
Your bat closely misses the gnoll.
The gnoll completely misses your bat.
Your bat hits the gnoll but does no damage.
The gnoll misses your bat.
Your bat hits the gnoll but does no damage.
Your bat hits the gnoll but does no damage.
The gnoll misses your bat.
Your bat hits the gnoll.
You swap places.
Your bat hits the gnoll but does no damage.
Your bat hits the gnoll but does no damage.
The gnoll misses your bat.
Your bat barely misses the gnoll.
Your bat hits the gnoll but does no damage.
The gnoll barely misses your bat.
Your bat hits the gnoll but does no damage.
The gnoll closely misses your bat.
You swap places.
Your bat hits the gnoll but does no damage.
The gnoll barely misses you.
You swap places.
The gnoll closely misses you.
You closely miss the gnoll. The gnoll hits you with a +0 spear!
Ouch! That really hurt!
You die...

#.............
#.........######
####..............
#>..........######
#.##.....##.#
#.###...###.# #r#
#.#.# #.# #b#
#.#.# #.# #@#
#.#.# #.# #g#
#.#.. ..#
#b###.###
#gr......
#........
#...r....
#........
##....... .......


You could see a gnoll (ally target), a hobgoblin (ally target), a bat
(distracted), a rat, a friendly bat (summoned) and a friendly rat (summoned).

Vanquished Creatures
  A bat (D:1)
1 creature vanquished.

Notes
Turn   | Place    | Note
-------+----------+-------------------------------------------
     0 | D:1      | lesbiats the Felid Summoner began the quest for the Orb.
     0 | D:1      | Reached XP level 1. HP: 7/7 MP: 4/4
     0 | D:1      | Noticed a jelly
     1 | D:1      | Found a runed translucent door.
     2 | D:1      | Noticed a jelly
    91 | D:1      | Slain by a gnoll

Illustrated notes

Levels and vault maps discovered:
D:1:      dpeg_arrival_caged_fury, layout_loops_ring

Action                     || total
---------------------------++-------
  Melee: Unarmed           ||     4
         Bite              ||     1
   Cast: Summon Small Mamm ||     4
  Dodge: Dodged            ||     7

Table legend: (Time is in decaauts)
 A = Elapsed time spent in this place.
 B = Non-inter-level travel time spent in this place.
 C = Inter-level travel time spent in this place.
 D = Time resting spent in this place.
 E = Time spent auto-exploring this place.
 F = Levels seen in this place.
 G = Mean time per level.
                   A        B        C        D        E       F      G
               +--------+--------+--------+--------+--------+-----+--------+
         Total |     74 |     74 |      0 |      0 |      0 |   1 |   74.0 |
       Dungeon |     74 |     74 |      0 |      0 |      0 |   1 |   74.0 |
               +--------+--------+--------+--------+--------+-----+--------+

Top non-repeatable levels by time:
     D:1: 74 daAuts
